 Dungeon Crawl Stone Soup version 0.17-a0-1510-gb3fb22e (webtiles) character file.

8900 Goblin1989 the Martial Artist (level 11, -9/63 HPs)
             Began as a Vine Stalker Monk on July 11, 2015.
             Was an Elder of Ru.
             Mangled by a six-headed hydra (11 damage)
             ... on level 3 of the Lair of Beasts.
             The game lasted 00:50:57 (8104 turns).

Goblin1989 the Martial Artist (Vine Stalker Monk)   Turns: 8104, Time: 00:50:59

Health: -9/63      AC: 12    Str: 17    XL:     11   Next: 38%
Magic:  0/12       EV: 19    Int: 10    God:    Ru [****..]
Gold:   384        SH:  0    Dex: 19    Spells: 0 memorised, 10 levels left

rFire  . . .     SeeInvis .       - Unarmed
rCold  . . .     Clarity  .     E - +2 leather armour {rF+}
rNeg   . . .     SustAt   .     (no shield)
rPois  .         Gourm    .     (no helmet)
rElec  .         Spirit   +     (no cloak)
rCorr  .         Warding  .     V - +1 pair of gloves
rMut   .         Stasis   .     c - +0 pair of boots
MR     +....                    a - amulet of regeneration
Stlth  ++........               J - ring of protection from cold
                                M - +4 ring of protection (curse)

@: exhausted, very slightly contaminated, invisible, somewhat resistant to
hostile enchantments, unstealthy
A: fangs 3, agile 1, regeneration 2, magic shield, antimagic bite, no device
heal 3, rot immunity, inexperienced 1, temperature sensitive
a: Draw Out Power, Power Leap, Renounce Religion


You were on level 3 of the Lair of Beasts.
You worshipped Ru.
Ru was greatly pleased with you.
You were not hungry.

You visited 3 branches of the dungeon, and saw 12 of its levels.

You collected 544 gold pieces.
You spent 160 gold pieces at shops.

Inventory:

Armour
 c - a +0 pair of boots (worn)
 E - a +2 leather armour of fire resistance (worn)
 V - a +1 pair of gloves (worn)
Jewellery
 a - an amulet of regeneration (around neck)
 k - an uncursed ring of positive energy
 x - an uncursed amulet of resist mutation
 F - an uncursed ring of protection from fire
 J - a ring of protection from cold (right hand)
 M - a cursed +4 ring of protection (left hand)
 T - an uncursed ring of see invisible {unknown}
Magical devices
 g - a wand of polymorph (18)
 p - a wand of random effects (41)
 s - a wand of confusion (28)
 u - a wand of lightning (3)
 w - a wand of invisibility (0)
 y - a wand of confusion (20)
 H - a wand of flame (14)
 O - a wand of paralysis (16)
 P - a wand of slowing (12)
Scrolls
 d - 5 scrolls of teleportation
 e - 2 scrolls of recharging
 h - a scroll of noise {unknown}
 i - 2 scrolls of magic mapping
 l - 4 scrolls of remove curse
 n - 7 scrolls of identify
 r - 4 scrolls of random uselessness {unknown}
 t - 2 scrolls of blinking
 D - a scroll of enchant weapon {unknown}
 G - 3 scrolls of fear
 I - 2 scrolls of vulnerability {unknown}
Potions
 j - 2 potions of haste
 m - a potion of berserk rage {unknown}
 o - a potion of invisibility
 z - a potion of cancellation
 B - 6 potions of curing
 C - 2 potions of resistance
 Q - a potion of flight {unknown}
 S - a potion of ambrosia {unknown}
 U - a potion of might {unknown}
Books
 q - a book of Hinderance

   Spells                             Type                      Level
   a - Confusing Touch                Hexes                        2
   b - Confuse                        Hexes                        3
   c - Gell's Gravitas                Hexes/Translocation          3
   d - Petrify                        Transmutation/Earth          4
   e - Metabolic Englaciation         Hexes/Ice                    5
Comestibles
 b - 6 bread rations
 f - 4 meat rations
 K - a slice of pizza
 L - 2 fruits
 N - a royal jelly


   Skills:
 * Level 9.8 Fighting
 - Level 3.3 Armour
 + Level 9.2 Dodging
 - Level 2.4 Stealth
 - Level 10.4 Unarmed Combat


You had 10 spell levels left.
You didn't know any spells.

Dungeon Overview and Level Annotations

Branches:
Dungeon (8/15)             Temple (1/1) D:7            Lair (3/8) D:8
  Swamp: Lair:3-6    Shoals: Lair:3-6     Snake: Lair:3-6    Spider: Lair:3-6

Altars:
Ashenzari
Cheibriados
Dithmenos
Elyvilon
Fedhas
Gozag
Kikubaaqudgha
Makhleb
Nemelex Xobeh
Okawaru
Qazlal
Ru
Sif Muna
Trog
Vehumet
Xom
Yredelemnul
Zin
The Shining One

Shops:
D:5 *:   D:8 ?

Annotations:
D:3 Goblin1989's ghost, weakling MiHu
D:8 1 exclusion
Lair:1 exclusion: oklob plant


Innate Abilities, Weirdness & Mutations

You have razor-sharp teeth.
You heal very quickly.
When hurt, damage is shared between your health and your magic reserves.
Your bite disrupts and absorbs the magic of your enemies.
Potions and wands cannot restore your health.
You are immune to rotting.
You are somewhat inexperienced (-2 XL).
You are sensitive to extremes of temperature (rF-, rC-).
You are agile. (Dex +2)


Message History

You barely miss the six-headed hydra.
The six-headed hydra is heavily wounded.
The wolf bites you!
* * * LOW HITPOINT WARNING * * *
You focus your will and illuminate the wolf in retribution!
The wolf misses you. The wolf closely misses you. The giant frog misses you.
The six-headed hydra misses you. The six-headed hydra barely misses you.
The six-headed hydra closely misses you.
The six-headed hydra barely misses you. The six-headed hydra misses you.
The six-headed hydra bites you but does no damage.
The wolf bites you but does no damage.
The wolf is stunned by your will and fails to attack.
The wolf bites you but does no damage.
You catch the helpless six-headed hydra completely off-guard!
You punch the six-headed hydra! Your bite misses the six-headed hydra.
The six-headed hydra is severely wounded.
The giant frog completely misses you.
You redirect the wolf's attack!
The wolf closely misses itself.
The six-headed hydra bites you!
You die...

#.##.##
##.....## #
##.......#
#.#........##
#
#...........#
..#......$...#
.......hF†...#
......hD@....#
P♣%....hh....#
%.P.........##
P..%...<....#
............#
%....♣......#
............#
.....P.#...##
%. .... #.##


You could see a six-headed hydra, 4 wolves and a giant frog.

Vanquished Creatures
  A griffon (Lair:2)
  2 black mambas (Lair:1)
  A spiny frog (Lair:2)
  2 komodo dragons
  8 blink frogs
  A two-headed ogre (D:8)
  A wandering mushroom (D:8)
  8 yaks
  8 wolves
  3 hippogriffs
  3 porcupines
  3 water moccasins
  Duvessa (D:5)
  A swamp drake (D:8)
  2 phantoms (D:7)
  2 ice beasts
  3 ogres
  3 crocodiles
  Dowan (D:5)
  3 giant frogs
  2 wyvern skeletons (D:8)
  4 scorpions
  8 crimson imps
  A giant frog zombie (D:8)
  2 jellies (D:8)
  5 orc priests
  4 hounds
  6 iguanas
  11 orc wizards
  A centaur skeleton (D:8)
  5 worker ants
  A killer bee zombie (D:8)
  A worker ant zombie (D:8)
  7 adders
  11 gnolls
  37 river rats
  A shadow imp (D:7)
  An adder zombie (D:8)
  3 worms
  10 giant geckos
  34 orcs
  9 bats
  4 giant cockroaches
  13 goblins
  11 hobgoblins
  7 jackals
  12 kobolds
  3 quokkas
  A ball python (D:6)
  5 giant newts
  6 rats
283 creatures vanquished.

Vanquished Creatures (others)
  A yak (Lair:2)
  2 fungi (Lair:1)
3 creatures vanquished.

Grand Total: 286 creatures vanquished

Notes
Turn   | Place    | Note
--------------------------------------------------------------
     0 | D:1      | Goblin1989 the Vine Stalker Monk began the quest for the Orb.
     0 | D:1      | Reached XP level 1. HP: 11/11 MP: 2/2
   115 | D:1      | Reached XP level 2. HP: 14/16 MP: 3/3
   783 | D:2      | Found an opulent altar of Gozag.
   793 | D:2      | Reached XP level 3. HP: 16/19 MP: 4/4
   897 | D:2      | Found a blossoming altar of Fedhas.
   908 | D:2      | Reached skill level 5 in Unarmed Combat
  1093 | D:3      | Reached XP level 4. HP: 18/23 MP: 5/5
  1456 | D:3      | Noticed Goblin1989's ghost (weakling MiHu)
  1646 | D:3      | Reached skill level 1 in Armour
  1646 | D:3      | Reached skill level 6 in Unarmed Combat
  1646 | D:3      | Reached XP level 5. HP: 12/27 MP: 2/6
  2022 | D:4      | Gained mutation: You heal very quickly. [Vine Stalker growth]
  2022 | D:4      | Reached XP level 6. HP: 23/32 MP: 7/7
  2058 | D:4      | HP: 1/32 [orc wizard/magic dart (3)]
  2063 | D:3      | HP: 1/32 [poisoned by a scorpion]
  2387 | D:4      | Reached skill level 7 in Unarmed Combat
  2449 | D:4      | Reached XP level 7. HP: 35/35 MP: 8/8
  2849 | D:5      | Entered Level 5 of the Dungeon
  2885 | D:5      | Found Ennilaf's Book Shop.
  2945 | D:5      | Noticed Duvessa
  2993 | D:4      | Gained mutation: You are agile. (Dex +2) [potion of beneficial mutation]
  3047 | D:5      | Noticed Dowan
  3056 | D:5      | Killed Duvessa
  3069 | D:5      | Killed Dowan
  3087 | D:5      | Reached skill level 8 in Unarmed Combat
  3087 | D:5      | Gained mutation: You have razor-sharp teeth. [Vine Stalker growth]
  3087 | D:5      | Reached XP level 8. HP: 37/39 MP: 9/9
  3212 | D:5      | Found Depp's General Store.
  3299 | D:5      | Found Fuwuicw's Gadget Emporium.
  3717 | D:6      | Found a snail-covered altar of Cheibriados.
  3719 | D:6      | Found a shattered altar of Ashenzari.
  3719 | D:6      | Found a radiant altar of Vehumet.
  4342 | D:7      | Reached skill level 9 in Unarmed Combat
  4400 | D:7      | Reached skill level 5 in Dodging
  4426 | D:7      | Found a bloodstained altar of Trog.
  4428 | D:7      | Found an ancient bone altar of Kikubaaqudgha.
  4430 | D:7      | Found a glowing golden altar of the Shining One.
  4470 | D:6      | Reached XP level 9. HP: 31/43 MP: 8/10
  4515 | D:7      | Found a staircase to the Ecumenical Temple.
  4556 | Temple   | Entered the Ecumenical Temple
  4575 | Temple   | Became a worshipper of Ru the Awakened
  4593 | Temple   | Gained mutation: You are somewhat inexperienced (-2 XL). [Ru sacrifice]
  4593 | Temple   | Reached XP level 8. HP: 39/39 MP: 9/9
  4593 | Temple   | Reached XP level 7. HP: 35/35 MP: 8/8
  4593 | Temple   | Acquired Ru's first power
  5267 | D:8      | Noticed a wandering mushroom
  5280 | D:8      | Found Kabuilaq's Magic Scroll Shop.
  5293 | D:8      | Bought a scroll of teleportation for 30 gold pieces
  5293 | D:8      | Bought a scroll of recharging for 95 gold pieces
  5293 | D:8      | Bought a scroll of magic mapping for 35 gold pieces
  5318 | D:8      | Reached XP level 8. HP: 34/39 MP: 7/9
  5432 | D:8      | Killed a wandering mushroom
  5432 | D:8      | Reached skill level 10 in Unarmed Combat
  5438 | D:8      | Noticed a wandering mushroom
  5549 | D:8      | Noticed a two-headed ogre
  5557 | D:8      | Killed a two-headed ogre
  5741 | D:8      | Reached XP level 9. HP: 42/45 MP: 10/10
  5795 | D:8      | Found a staircase to the Lair.
  6056 | D:8      | Noticed a wandering mushroom
  6094 | D:8      | Reached skill level 5 in Fighting
  6187 | Lair:1   | Entered Level 1 of the Lair of Beasts
  6332 | Lair:1   | Found a radiant altar of Vehumet.
  6349 | Lair:1   | Noticed a komodo dragon
  6363 | Lair:1   | Killed a komodo dragon
  6363 | Lair:1   | Reached XP level 10. HP: 43/53 MP: 11/11
  6460 | Lair:1   | Noticed a black mamba
  6480 | Lair:1   | Killed a black mamba
  6758 | Lair:1   | Gained mutation: You are sensitive to extremes of temperature (rF-, rC-). [Ru sacrifice]
  6758 | Lair:1   | Acquired Ru's second power
  6758 | Lair:1   | Acquired Ru's third power
  6758 | Lair:1   | Acquired Ru's fourth power
  6980 | Lair:1   | Noticed a black mamba
  6984 | Lair:1   | Killed a black mamba
  7015 | Lair:1   | Noticed an oklob plant
  7243 | Lair:2   | Noticed a griffon
  7265 | Lair:2   | Killed a griffon
  7265 | Lair:2   | Reached XP level 11. HP: 22/60 MP: 12/12
  8091 | Lair:3   | Noticed a six-headed hydra
  8103 | Lair:3   | HP: 1/63 [wolf (4)]
  8104 | Lair:3   | Mangled by a six-headed hydra

Vault maps used:
D:1:      dpeg_arrival_sounds_slurp
D:2:      lemuel_coloured_pillars_altar, serial_park_tiny_1, minmay_bad_closet,
          hangedman_decor_push, fedhas_altar_1
D:3:      uniq_grinder
D:5:      first_bread, serial_shops, kennysheep_mini_moat,
          nicolae_shop_statue_plus, shop_statue, uniq_duvessa
D:6:      grunt_temple_overflow_open
D:7:      grunt_temple_overflow_diamond, temple_fountains
D:8:      erik_lair_dragon, serial_shops, shop_scrolls, hangedman_tree_tricks
Temple:   eino_temple_water_12
Lair:1:   minmay_lair_oklob_items, basic_altar, infiniplex_staircase_pool
Lair:3:   nicolae_spider_entry_tight_spaces, enter_volcano_1,
          grunt_forest_large_clearings, uniq_gastronok

Action                   |  1- 3 |  4- 6 |  7- 9 | 10-12 || total
-------------------------+-------+-------+-------+-------++-------
Melee: Unarmed           |    65 |   192 |   532 |   290 ||  1079
Invok: Sacrifice Experie |       |       |     1 |       ||     1
       Sacrifice Resista |       |       |       |     1 ||     1
       Power Leap        |       |       |       |     1 ||     1
Evoke: Wand              |       |       |     4 |     3 ||     7
  Use: Potion            |       |       |    10 |       ||    10
       Scroll            |       |       |     8 |     1 ||     9
 Stab: Sleeping          |     4 |     3 |     9 |     2 ||    18
       Distracted        |       |       |     2 |       ||     2
       Invisible         |       |       |     1 |    10 ||    11
  Eat: Chunk             |       |     5 |    11 |     6 ||    22
       Royal jelly       |       |       |     1 |     1 ||     2
       Beef jerky        |       |       |     1 |       ||     1
